 Dungeon Crawl Stone Soup version 0.21.1-1-g345015f (webtiles) character file.

1602 Fang the Chopper (level 8, 0/51 HPs)
             Began as a Gargoyle Berserker on May 29, 2018.
             Was a Priest of Trog.
             Slain by a quasit (1 damage)
             ... on level 6 of the Dungeon.
             The game lasted 00:13:55 (5096 turns).

Fang the Chopper (Gargoyle Berserker)               Turns: 5096, Time: 00:13:55

Health: 0/51       AC:  9    Str: 24    XL:     8   Next: 94%
Magic:  8/8        EV:  2    Int:  7    God:    Trog [***...]
Gold:   188        SH:  0    Dex: -4 (9) Spells: 7/7 levels left

rFire    . . .     SeeInvis .   a - +0 hand axe
rCold    . . .     Gourm    .   (no shield)
rNeg     + . .     Faith    .   b - +2 animal skin
rPois    ∞         Spirit   .   (no helmet)
rElec    +         Reflect  .   (no cloak)
rCorr    .         Harm     +   (no gloves)
MR       +....                  (no boots)
Stlth    ..........             l - amulet of harm
HPRegen  0.17/turn              r - -4 ring of slaying (curse)
MPRegen  0.11/turn              s - ring of protection from magic (curse)

@: slowed, lost dexterity, very slow
A: negative energy resistance 1, electricity resistance, unbreathing,
petrification resistance, rot immunity, AC +5
a: Berserk, Trog's Hand, Burn Spellbooks, Renounce Religion


You were on level 6 of the Dungeon.
You worshipped Trog.
Trog was most pleased with you.
You were not hungry.

You visited 2 branches of the dungeon, and saw 7 of its levels.

You collected 188 gold pieces.

Inventory:

Hand Weapons
 a - a +0 hand axe (weapon)
Armour
 b - a +2 animal skin (worn)
Jewellery
 d - an uncursed ring of poison resistance {unknown}
 l - an amulet of harm (around neck)
 r - a cursed -4 ring of slaying (left hand)
 s - a cursed ring of protection from magic (right hand)
 u - an uncursed ring of stealth {unknown}
Wands
 m - a wand of acid (8)
Scrolls
 f - 2 scrolls of immolation
 g - 2 scrolls of teleportation
 h - a scroll of identify
 k - a scroll of fog
Potions
 e - a potion of heal wounds
 i - a potion of curing
 n - a potion of lignification
 o - 2 potions of agility
 p - 3 potions of haste
 q - 4 potions of flight
 t - a potion of brilliance
 w - a potion of resistance
 x - a potion of invisibility
Comestibles
 c - 2 rations


   Skills:
 + Level 6.1 Fighting
 + Level 7.6 Axes
 + Level 2.7 Armour
 + Level 4.6 Dodging
 + Level 2.6 Stealth


You had 7 spell levels left.
You didn't know any spells.

Dungeon Overview and Level Annotations

Branches:
Dungeon (6/15)             Temple (1/1) D:4

Altars:
Ashenzari
Cheibriados
Dithmenos
Elyvilon
Fedhas
Gozag
Hepliaklqana
Kikubaaqudgha
Makhleb
Nemelex Xobeh
Okawaru
Qazlal
Ru
Trog
Vehumet
Wu Jian
Xom
Zin
The Shining One


Innate Abilities, Weirdness & Mutations

You are resistant to torment.
Your stone body is resilient. (AC +5)
You are immune to poison.
You resist negative energy. (rN+)
You are resistant to electric shocks. (rElec)
You can survive without breathing.
You are immune to petrification.
You are immune to rotting.


Message History

The quasit claws you but does no damage. x2
The quasit bites you but does no damage.
The quasit claws you but does no damage.
The quasit claws you.
* * * LOW HITPOINT WARNING * * *
Unknown command.
You barely miss the quasit.
The quasit is almost dead.
The quasit bites you.
* * * LOW HITPOINT WARNING * * *
The quasit claws you but does no damage. x2
The quasit bites you.
* * * LOW HITPOINT WARNING * * *
The quasit claws you but does no damage. x2
You miss the quasit.
The quasit is almost dead.
The quasit bites you but does no damage.
The quasit claws you but does no damage.
The quasit claws you.
You die...

########
##......##
##.....5@.##
#..........#
#.....†....#
#..?.......#
#..........#
#..........#
##........##
#..........
#...........


You could see a quasit.

Vanquished Creatures
  Pikel (D:5)
  The ghost of Resident the Cudgeler, an amateur MiFi (D:4)
  Eustachio (D:5)
  Menkaure (D:5)
  An ogre (D:4)
  A crimson imp (D:3)
  A bullfrog skeleton (D:5)
  2 hounds
  3 orc wizards
  2 centaur skeletons (D:4)
  2 worker ants
  A hound skeleton (D:4)
  4 gnolls
  7 adders
  2 howler monkey skeletons
  An ooze (D:4)
  3 worms
  3 dart slugs
  3 leopard geckos
  10 orcs
  7 giant cockroaches
  3 goblins
  7 hobgoblins
  4 jackals (D:1)
  8 kobolds
  4 quokkas
  3 ball pythons
  12 bats
  3 frilled lizards
  6 rats
107 creatures vanquished.

Vanquished Creatures (others)
  A phantom (D:5)
  A scorpion (D:5)
  A crimson imp (D:5)
  2 hounds (D:5)
  A bullfrog skeleton (D:5)
  A leopard gecko (D:5)
  3 orcs (D:5)
10 creatures vanquished.

Grand Total: 117 creatures vanquished

Notes
Turn   | Place    | Note
-------+----------+-------------------------------------------
     0 | D:1      | Fang the Gargoyle Berserker began the quest for the Orb.
     0 | D:1      | Reached XP level 1. HP: 14/14 MP: 1/1
   159 | D:1      | Reached XP level 2. HP: 14/19 MP: 2/2
   309 | D:1      | Reached skill level 3 in Axes
   387 | D:1      | Reached XP level 3. HP: 21/23 MP: 3/3
   678 | D:1      | Reached ** piety under Trog
   980 | D:2      | Reached XP level 4. HP: 18/29 MP: 4/4
  1244 | D:2      | Found a white marble altar of Elyvilon.
  1369 | D:2      | Found a sacrificial altar of Ru.
  1523 | D:2      | Found a stormy altar of Qazlal.
  1694 | D:3      | Reached XP level 5. HP: 33/33 MP: 5/5
  1805 | D:3      | Reached skill level 4 in Axes
  1805 | D:3      | Reached skill level 1 in Stealth
  1909 | D:3      | Reached *** piety under Trog
  2309 | D:3      | Reached XP level 6. HP: 13/38 MP: 6/6
  3145 | D:4      | Reached skill level 5 in Axes
  3425 | D:4      | Found a staircase to the Ecumenical Temple.
  3470 | D:4      | Noticed Resident's ghost (amateur MiFi)
  3485 | D:4      | Killed Resident's ghost
  3485 | D:4      | Reached XP level 7. HP: 44/44 MP: 7/7
  3544 | D:4      | Found a burning altar of Makhleb.
  3715 | Temple   | Entered the Ecumenical Temple
  3879 | D:5      | Entered Level 5 of the Dungeon
  3901 | D:5      | Reached skill level 6 in Axes
  3919 | D:5      | Noticed Pikel
  3936 | D:5      | Killed Pikel
  3936 | D:5      | Reached skill level 5 in Fighting
  3936 | D:5      | Reached skill level 7 in Axes
  3936 | D:5      | Reached XP level 8. HP: 43/50 MP: 8/8
  3977 | D:5      | HP: 2/50 [phantom (3)]
  4119 | D:5      | Noticed Eustachio
  4244 | D:5      | Killed Eustachio
  4666 | D:5      | Noticed Menkaure
  4675 | D:5      | Killed Menkaure
  5057 | D:6      | Lost dexterity.
  5077 | D:6      | HP: 3/76 [quasit (2)]
  5078 | D:6      | Paralysed by fainting for 12 turns
  5095 | D:6      | HP: 1/51 [quasit (2)]
  5096 | D:6      | Slain by a quasit

Skill      XL: |  1  2  3  4  5  6  7  8 |
---------------+-------------------------+-----
Axes           | 3 4 5 7 |  7.6
Dodging        | 2 3 4 |  4.6
Fighting       | 4 5 6 |  6.1
Stealth        | 1 2 |  2.6
Armour         | |  2.7

Action                   |  1- 3 |  4- 6 |  7- 9 || total
-------------------------+-------+-------+-------++-------
Melee: Hand axe          |   106 |   259 |   321 ||   686
Invok: Berserk           |     3 |     4 |     4 ||    11
  Use: Scroll            |       |       |    17 ||    17
       Potion            |       |       |     4 ||     4
 Stab: Paralysed         |       |     1 |       ||     1
       Sleeping          |       |     2 |     1 ||     3
  Eat: Chunk             |     2 |     7 |     2 ||    11
       Ration            |       |     1 |     3 ||     4
Armor: Animal skin       |    52 |   105 |   299 ||   456
       Skin              |       |       |    93 ||    93
Dodge: Dodged            |   102 |   160 |   322 ||   584
